[Event "Late-Titled-Tuesday-Blitz-September-12-2023"]
[Site "Chess.com"]
[Date "2023.09.12"]
[Round "7"]
[White "Mops_2004"]
[Black "WPWPWP-2015"]
[Result "1-0"]
[WhiteElo "2719"]
[BlackElo "2546"]
[TimeControl "180+1"]
[EndTime "15:12:33 PDT"]
[Termination "Mops_2004 won by resignation"]

1. g3 d5 2. Nf3 Nf6 3. Bg2 Bf5 4. O-O e6 5. c4 c6 6. Qb3 Qc8 7. d3 Nbd7 8. cxd5 exd5 9. Nc3 Be7 10. e4 dxe4 11. dxe4 Be6 12. Qc2 O-O 13. Nd4 Bc4 14.
Rd1 g6 15. h3 Re8 16. f4 Bc5 17.
e5 Nh5 18. g4 Ng3 19. Kh2 Nxe5 20. fxe5 Rxe5 21. Bf4 Qe8 22. Bxg3 Re3 23. Ne4 Rxe4 24. Qxe4 Qf8 25. Nb3 Bd5 26. Qc2 Bxg2 27. Qxg2 Be7 28. Rd7 Bf6 29. Rxb7 Re8 30. Rf1 Bg7 31. Rfxf7 Qxf7 32. Rxf7 Kxf7 33. Nc5 Bd4 34. Ne4 Kg8 35. b3 h6 36. h4 a5 37. h5 g5 38. Qf3 Kg7 39.
Qf5 c5 40. Qg6+ Kf8 41. Bd6+ 1-0

[Event "Late-Titled-Tuesday-Blitz-September-12-2023"]
[Site "Chess.com"]
[Date "2023.09.12"]
[Round "7"]
[White "MarcoRiehle"]
[Black "ChristopherYoo"]
[Result "0-1"]
[WhiteElo "2783"]
[BlackElo "3016"]
[TimeControl "180+1"]
[EndTime "15:12:39 PDT"]
[Termination "ChristopherYoo won by resignation"]

1. e4 c5 2. a3 g6 3. h4 h5 4. Nc3 Bg7 5. Bc4 Nc6 6. d3 d6 7. Nf3 Bg4 8. Bg5 Nd4 9. Be3 Bxf3 10.
gxf3 e6 11. Bxd4 Bxd4 12. Qd2 Ne7 13. O-O-O a6 14. f4 b5 15. Bb3 Qa5 16. Kb1 Rb8 17. Rde1 c4 18. Ba2 b4 19. Ne2 Bc3 20. Qe3 bxa3 21.
Nxc3 Rxb2+ 22. Kc1 Qxc3 23. Qd2 Qxd2+ 24. Kxd2 Rxa2 25. dxc4 O-O 26. Kc3 Rb8 27. Rd1 Rbb2 28. Rxd6 Rxc2+ 29. Kb3 Rcb2+ 30. Kc3 Rxf2 31. f5 Rf3+ 32. Kb4 Rb2+ 33. Kc5 a2 34. Ra1 gxf5 35. exf5 Rxf5+ 36. Kd4 Ra5 0-1

[Event "Late-Titled-Tuesday-Blitz-September-12-2023"]
[Site "Chess.com"]
[Date "2023.09.12"]
[Round "7"]
[White "DuleMudule"]
[Black "Alexei_Gubajdullin"]
[Result "0-1"]
[WhiteElo "2757"]
[BlackElo "2618"]
[TimeControl "180+1"]
[EndTime "15:12:39 PDT"]
[Termination "Alexei_Gubajdullin won by resignation"]

1. d4 Nf6 2. Bg5 e6 3. e3 h6 4. Bh4 d6 5. Nd2 Nc6 6. c3 Bd7 7. f4 g5 8. fxg5 Nd5 9. Qf3 hxg5 10. Bg3 g4 11. Qe2 Bh6 12. Bf2 Qg5 13. Ne4 Qg6 14.
Ng3 O-O-O 15. O-O-O f5 16. Qd3 Qg5 17. Re1 e5 18. Kb1 exd4 19. cxd4 f4 20. Ne4 Qg6 21. exf4 Nxf4 22. Qc2 Bf5 23. g3 Nb4 24. Nxd6+ Rxd6 0-1

[Event "Late-Titled-Tuesday-Blitz-September-12-2023"]
[Site "Chess.com"]
[Date "2023.09.12"]
[Round "7"]
[White "expii"]
[Black "xozr"]
[Result "1-0"]
[WhiteElo "2279"]
[BlackElo "2355"]
[TimeControl "180+1"]
[EndTime "15:12:43 PDT"]
[Termination "expii won by checkmate"]

1. e4 c5 2. Nf3 d6 3. d4 cxd4 4.
Nxd4 Nf6 5. Nc3 a6 6. g3 g6 7. Bg2 Bg7 8. O-O O-O 9. h3 Nbd7 10.
Be3 Nc5 11. g4 Bd7 12. f4 e5 13. Nde2 exf4 14. Bxf4 Re8 15. Ng3 Qb6 16. Qxd6 Qxb2 17.
Qxc5 Rac8 18. Qa5 Qxc3 19. Qxc3 Rxc3 20. e5 Nxg4 21. hxg4 Bxg4 22. Ne4 Rxc2 23. Nf6+ Bxf6 24. exf6 Ree2 25. Bxb7 h6 26. Rad1 g5 27. Rd8+ Kh7 28. Bg3 h5 29. Rf8 Be6 30. Rf2 Rxf2 31. Bxf2 Rxa2 32.
Be4+ Kh6 33. Rh8# 1-0

[Event "Late-Titled-Tuesday-Blitz-September-12-2023"]
[Site "Chess.com"]
[Date "2023.09.12"]
[Round "7"]
[White "AlejandroBalde"]
[Black "laiciffOneslraCsungaM"]
[Result "0-1"]
[WhiteElo "2005"]
[BlackElo "2335"]
[TimeControl "180+1"]
[EndTime "15:12:44 PDT"]
[Termination "laiciffOneslraCsungaM won by resignation"]

1. e4 e6 2. d4 d5 3. exd5 exd5 4. c4 Nf6 5. Nc3 Bb4 6. Nf3 O-O 7. Be2 dxc4 8. O-O Bg4 9. Bxc4 Nc6 10. a3 Bxf3 11.
Qxf3 Nxd4 12. Qxb7 Bxc3 13. bxc3 Rb8 14. Qxa7 Nc6 15.
Qc5 Qd6 16. Qxd6 cxd6 17. Bf4 Ne5 18. Bxe5 dxe5 19. Be2 Rfc8 20. c4 Ne4 21. Rfc1 g6 22.
a4 Nd2 23. a5 Nb3 24. a6 Nxc1 25.
Rxc1 Ra8 26. Ra1 Rc6 27. c5 Rxc5 28. Bf3 Rxa6 0-1

[Event "Late-Titled-Tuesday-Blitz-September-12-2023"]
[Site "Chess.com"]
[Date "2023.09.12"]
[Round "7"]
[White "wild3000"]
[Black "santosalberto1987"]
[Result "0-1"]
[WhiteElo "2422"]
[BlackElo "2540"]
[TimeControl "180+1"]
[EndTime "15:12:50 PDT"]
[Termination "santosalberto1987 won by resignation"]

1. e4 e6 2. Nf3 d5 3. e5 c5 4. b4 b6 5. b5 a6 6. c4 axb5 7.
cxb5 Nd7 8. a4 f6 9. Bb2 fxe5 10.
Nxe5 Nxe5 11. Bxe5 Nf6 12. Be2 Bd6 13. d4 Bxe5 14.
dxe5 Nd7 15. f4 O-O 16. O-O Bb7 17. Bg4 Qe7 18. Nc3 d4 19. Ne2 Bd5 20. Qd2 g5 21.
a5 bxa5 22. Rxa5 Rxa5 23. Qxa5 gxf4 24. b6 Nxe5 25. h3 Nxg4 26. hxg4 e5 27. Rc1 f3 28.
gxf3 Bxf3 29. Rxc5 Qh4 30. Qa2+ Kh8 31. Rxe5 Qh1+ 32.
Kf2 Bd5+ 33. Kg3 Qg2+ 34. Kh4 Bxa2 35. b7 Qh2+ 0-1

[Event "Late-Titled-Tuesday-Blitz-September-12-2023"]
[Site "Chess.com"]
[Date "2023.09.12"]
[Round "7"]
[White "FuenfgegenWilly"]
[Black "Francisco_Ferrari"]
[Result "0-1"]
[WhiteElo "2371"]
[BlackElo "2241"]
[TimeControl "180+1"]
[EndTime "15:12:52 PDT"]
[Termination "Francisco_Ferrari won by checkmate"]

1. e4 g6 2. Nc3 Bg7 3. f4 d6 4.
Nf3 Nd7 5. d3 e5 6. g3 Ne7 7.
Bg2 O-O 8. O-O c6 9. h3 b5 10. g4 exf4 11. Bxf4 Nc5 12. d4 Ne6 13.
Be3 Bb7 14. Ne2 f5 15. e5 Nd5 16. Bf2 fxg4 17. hxg4 Ndf4 18. Nxf4 Nxf4 19. Bh1 Qc8 20. Nh2 dxe5 21. Be3 Nd5 22. Rxf8+ Qxf8 23. Bxd5+ cxd5 24. dxe5 Bxe5 25. Bd4 Bd6 26. Qd3 Qf4 27. Nf1 Qxg4+ 28. Kh1 Rf8 29. Re1 Rf3 30. Re3 Qh3+ 31. Kg1 Rxf1+ 32.
Qxf1 Qh2# 0-1

[Event "Late-Titled-Tuesday-Blitz-September-12-2023"]
[Site "Chess.com"]
[Date "2023.09.12"]
[Round "7"]
[White "Zampronha1971"]
[Black "DvaHrasta"]
[Result "0-1"]
[WhiteElo "2305"]
[BlackElo "2467"]
[TimeControl "180+1"]
[EndTime "15:12:53 PDT"]
[Termination "DvaHrasta won by resignation"]

1. e4 c6 2. d4 d5 3. e5 c5 4. Nf3 Nc6 5. c4 Bg4 6. cxd5 Bxf3 7. Qxf3 Nxd4 8. Qd1 e6 9. dxe6 fxe6 10. Be3 Ne7 11. Bxd4 cxd4 12. Bb5+ Nc6 13. O-O Bc5 14. Qg4 O-O 15.
Bxc6 bxc6 16. Qxe6+ Kh8 17. Qxc6 Rc8 18. Qe4 Qg5 19.
f4 Qg4 20. Nd2 Bb6 21. h3 Qh4 22. Nb3 g5 23. Nxd4 gxf4 24. Kh1 Rc4 25. Nf3 Rxe4 26. Nxh4 Rxe5 27. Nf3 Re2 28. Rfe1 Rxb2 29. a4 Rg8 30. a5 Be3 31. Nh4 Bf2 32. Reb1 Rxb1+ 33. Rxb1 Bxh4 34. Rb7 Bf2 0-1

[Event "Late-Titled-Tuesday-Blitz-September-12-2023"]
[Site "Chess.com"]
[Date "2023.09.12"]
[Round "7"]
[White "Perecke"]
[Black "ilya2700"]
[Result "1-0"]
[WhiteElo "2506"]
[BlackElo "2295"]
[TimeControl "180+1"]
[EndTime "15:12:54 PDT"]
[Termination "Perecke won by resignation"]

1. e4 c5 2. Nf3 e6 3. d4 cxd4 4. Nxd4 Nc6 5. Nc3 Qc7 6. Be3 a6 7. g4 b5 8. Nxc6 Qxc6 9. Qd2 b4 10. Ne2 Qxe4 11. Rg1 Qc4 12. Ng3 Qc7 13. O-O-O d5 14.
f4 Bc5 15. Nh5 g6 16. Bd4 gxh5 17. gxh5 Bxd4 18. Qxd4 f6 19. Bh3 Kf7 20. f5 Qe5 21. Qg4 Qe3+ 22. Kb1 Qg5 23. fxe6+ Ke8 24. Qxb4 Qxh5 25.
Qa4+ Kf8 26. Qc6 Qxh3 27. Qd6+ Ke8 28. Qxd5 Qxe6 29. Rge1 Ne7 30. Rxe6 Bxe6 31. Qxa8+ Bc8 32. Re1 Kf7 33. Qe4 Nf5 34. Qc4+ Kg6 35. Rg1+ 1-0

[Event "Late-Titled-Tuesday-Blitz-September-12-2023"]
[Site "Chess.com"]
[Date "2023.09.12"]
[Round "7"]
[White "Quattroporte300"]
[Black "Der_Honigdachs"]
[Result "0-1"]
[WhiteElo "2407"]
[BlackElo "2537"]
[TimeControl "180+1"]
[EndTime "15:12:56 PDT"]
[Termination "Der_Honigdachs won by resignation"]

1. e4 e5 2. Nf3 d5 3. Nxe5 Bd6 4. d4 dxe4 5. Bc4 Bxe5 6. dxe5 Qxd1+ 7. Kxd1 Nc6 8. Bf4 Bg4+ 9. Kc1 Nge7 10. h3 Bf5 11. g4 Bg6 12. e6 fxe6 13. Bxe6 Rf8 14. Bg3 Nd4 15. Bc4 e3 16. Na3 exf2 17. Rf1 O-O-O 18.
Rxf2 Nec6 19. c3 Nf3 20. Nc2 Nce5 21. Be2 Ng1 22. Nd4 Rxf2 23. Bxf2 Nxe2+ 24. Kd2 Nxd4 25. cxd4 Nc4+ 26. Kc3 Nd6 27. Bh4 Rf8 28. Re1 Ne4+ 29.
Kb4 Rf3 30. d5 Rxh3 31. Be7 Kd7 32. Bf8 Rg3 33. Bxg7 Rxg4 34. Ka3 Nd6 35. b3 Nb5+ 36. Kb2 Rg2+ 0-1

[Event "Late-Titled-Tuesday-Blitz-September-12-2023"]
[Site "Chess.com"]
[Date "2023.09.12"]
[Round "7"]
[White "kleinebeer98"]
[Black "AlexOstrovskiy"]
[Result "1/2-1/2"]
[WhiteElo "2815"]
[BlackElo "2661"]
[TimeControl "180+1"]
[EndTime "15:12:58 PDT"]
[Termination "Game drawn - insufficient material"]

1. e4 c5 2. Nf3 d6 3. d4 cxd4 4.
Nxd4 Nf6 5. Nc3 g6 6. h3 Bg7 7.
Bc4 O-O 8. O-O Nc6 9. Nf3 Bd7 10.
Qe2 Rc8 11. Bg5 a6 12. Rad1 Na5 13. Bb3 Nxb3 14. cxb3 h6 15. Bxf6 Bxf6 16. e5 Bg7 17. exd6 exd6 18. Rxd6 Qc7 19. Rfd1 Bc6 20. Nd5 Bxd5 21.
R6xd5 Rfe8 22. Qd2 Qc2 23. Qf4 Qxb2 24. Rd7 Rf8 25.
Rxb7 Qxa2 26. Rdd7 Qa1+ 27. Kh2 Qf6 28. Qa4 Rc3 29. Qe4 Rc5 30. g4 Rc3 31. Kg2 Rc6 32. Qd5 Rc2 33. b4 Rb2 34. Qc4 Rb1 35. Rbc7 Rb2 36.
Rc6 Rxb4 37. Qd5 Qb2 38. Rxg6 Rb5 39. Qc4 Rb4 40. Rxg7+ Kxg7 41. Qc6 Qf6 42. Qc5 Rf4 43. Qe3 Rc8 44. Ne5 Rc2 45. Rxf7+ Qxf7 46. Nxf7 Rcxf2+ 47. Kg3 R2f3+ 48. Qxf3 Rxf3+ 49. Kxf3 Kxf7 50. h4 Kf6 51. Ke4 a5 52. Kd5 a4 53. g5+ hxg5 54. hxg5+ Kxg5 55. Kc4 Kf5 56. Kb4 Ke5 57. Ka3 Kd5 58.
Kxa4 1/2-1/2

[Event "Late-Titled-Tuesday-Blitz-September-12-2023"]
[Site "Chess.com"]
[Date "2023.09.12"]
[Round "7"]
[White "KNVB"]
[Black "Jaka_Brilej"]
[Result "1-0"]
[WhiteElo "2755"]
[BlackElo "2453"]
[TimeControl "180+1"]
[EndTime "15:12:58 PDT"]
[Termination "KNVB won by resignation"]

1. d4 d5 2. Bf4 c5 3. e3 Nc6 4. c3 Bf5 5. Nd2 e6 6. Qb3 Qb6 7. Ngf3 c4 8. Qxb6 axb6 9. a3 h6 10.
Be2 g5 11. Bg3 Kd7 12. O-O Bd6 13. Bxd6 Kxd6 14. Rfe1 b5 15. Rac1 Nf6 16. Bd1 Rhe8 17. Bc2 Bxc2 18. Rxc2 e5 19. dxe5+ Nxe5 20. Nxe5 Rxe5 21.
Nf3 Re4 22. Rd1 Kc5 23. Rcd2 Rae8 24. h3 g4 25. hxg4 Rxg4 26. Kf1 h5 27. g3 Ree4 28. Nh4 Rg8 29. Ng2 Rh8 30. Nf4 Rd8 31. Kg2 Rd6 32. Rh1 Re5 33. Kf3 Rd8 34. Rh4 Rg8 35. Rd1 Rg4 36. Rh3 Rgg5 37. Rdh1 Rgf5 38. Ke2 Rg5 39. Kd2 Rgf5 40. Rh4 Ne4+ 41. Ke1 Nf6 42. Kf1 Rg5 43. Ne2 Ref5 44. Ke1 Rg4 45. R4h3 Ne4 46.
Nf4 Nf6 47. Nxh5 Nxh5 48. Rxh5 Rgg5 49. Rh6 f6 50. R1h3 Kb6 51. f4 Rg4 52. Kf2 Ka5 53.
Kf3 Rg8 54. g4 Ka4 55. gxf5 Kb3 56. Rh2 1-0

[Event "Late-Titled-Tuesday-Blitz-September-12-2023"]
[Site "Chess.com"]
[Date "2023.09.12"]
[Round "7"]
[White "Herman-NY"]
[Black "Aleksandar-Topalov"]
[Result "0-1"]
[WhiteElo "2511"]
[BlackElo "2382"]
[TimeControl "180+1"]
[EndTime "15:12:58 PDT"]
[Termination "Aleksandar-Topalov won on time"]

1. e4 e6 2. d4 d5 3. e5 Qd7 4. h4 h5 5. Bg5 b6 6. Be2 g6 7.
Nf3 Ba6 8. Rh3 Bxe2 9. Qxe2 c5 10. c4 cxd4 11. Nxd4 Nc6 12. Nxc6 Qxc6 13. cxd5 Qxd5 14. Rd3 Qc6 15. Nc3 Be7 16. Ne4 Bxg5 17. hxg5 Ne7 18.
Rc3 Qa4 19. Rc4 Qa5+ 20. b4 Qa3 21. Nd6+ Kf8 22. Rd1 h4 23. Rd3 Qa4 24. Rc7 Qxb4+ 25. Kf1 h3 0-1

[Event "Late-Titled-Tuesday-Blitz-September-12-2023"]
[Site "Chess.com"]
[Date "2023.09.12"]
[Round "7"]
[White "BrandonJacobson"]
[Black "MathiasWomacka"]
[Result "1-0"]
[WhiteElo "3037"]
[BlackElo "2530"]
[TimeControl "180+1"]
[EndTime "15:13:02 PDT"]
[Termination "BrandonJacobson won by resignation"]

1. Nf3 c5 2. c4 Nf6 3. Nc3 e6 4. g3 b6 5. Bg2 Bb7 6. O-O Be7 7.
Re1 d5 8. cxd5 Nxd5 9. d4 Nxc3 10. bxc3 Be4 11. Bh3 O-O 12. Bb2 Bxf3 13. exf3 cxd4 14.
cxd4 Bf6 15. Rc1 Na6 16. f4 Nb4 17. Qb3 a5 18. f5 exf5 19. Bxf5 Re8 20. Rxe8+ Qxe8 21. a3 Nc6 22. Qxb6 Ne7 23. Be4 Rb8 24. Bb7 Nf5 25.
Qa7 Bxd4 26. Bxd4 Nxd4 27. Qxd4 Rxb7 28. Qe5 Qb8 29. Qxa5 g6 30. h4 Ra7 31. Qc3 Qa8 32. Ra1 Ra4 33. h5 gxh5 34. Qe5 Ra5 35. Qe3 Kh8 36. Rb1 Rxa3 37. Qe5+ Kg8 38. Rb8+ 1-0

[Event "Late-Titled-Tuesday-Blitz-September-12-2023"]
[Site "Chess.com"]
[Date "2023.09.12"]
[Round "7"]
[White "bazar-wokzal"]
[Black "enestnrvrd"]
[Result "1-0"]
[WhiteElo "2587"]
[BlackElo "2717"]
[TimeControl "180+1"]
[EndTime "15:13:02 PDT"]
[Termination "bazar-wokzal won by checkmate"]

1. e4 c5 2. c3 d6 3. d4 Nf6 4. Bd3 cxd4 5. cxd4 g6 6. Nc3 Bg7 7. f4 O-O 8. Nf3 Nc6 9. O-O Bg4 10. Be3 Rc8 11.
Rc1 Nd7 12. d5 Nd4 13. Be2 Nxe2+ 14. Qxe2 Qa5 15. h3 Bxf3 16. Rxf3 Nb6 17. Bxb6 Qxb6+ 18. Kh2 Rc7 19. Na4 Qa5 20. b4 Qxa4 21. Rxc7 Qxb4 22. Rxe7 Rc8 23. Rb3 Qd4 24. Rbxb7 Rc1 25. Rb8+ Bf8 26. Ree8 Qg1+ 27. Kg3 Rc3+ 28. Kh4 Qc1 29. Rxf8+ Kg7 30. Rg8+ Kh6 31. Qg4 f6 32. Rb7 Qe1+ 33. g3 Qxe4 34.
Rgg7 g5+ 35. fxg5+ fxg5+ 36. Rxg5 Qe8 37. Rh5+ Qxh5+ 38. Qxh5# 1-0

[Event "Late-Titled-Tuesday-Blitz-September-12-2023"]
[Site "Chess.com"]
[Date "2023.09.12"]
[Round "7"]
[White "Macron20hTF1"]
[Black "Arteler"]
[Result "0-1"]
[WhiteElo "2613"]
[BlackElo "2491"]
[TimeControl "180+1"]
[EndTime "15:13:05 PDT"]
[Termination "Arteler won by resignation"]

1. Nf3 d5 2. e3 Nf6 3. c4 c6 4. Nc3 a6 5. d4 Bf5 6. Qb3 Ra7 7. Bd2 e6 8. Nh4 Bg4 9. h3 Bh5 10. g4 Bg6 11. cxd5 cxd5 12. Nxg6 hxg6 13. Bg2 Nc6 14. O-O Be7 15. Rac1 O-O 16. Rfd1 Na5 17. Qa4 b5 18.
Qc2 Nc4 19. Be1 Rc7 20. Qe2 Qd7 21. g5 Nh7 22. h4 Rfc8 23. e4 dxe4 24. d5 Nf8 25. dxe6 Qxe6 26. Qxe4 Nxb2 27. Rd2 Qxe4 28. Bxe4 Na4 29. Rdc2 Bb4 30. Nd5 Rxc2 31. Bxc2 Ba3 32. Bb4 Bxb4 33. Nxb4 a5 34. Nd5 Rc5 35. Ne3 Nc3 36.
Kg2 Ne6 37. Kg3 Ne2+ 38. Kg4 Nxc1 0-1

[Event "Late-Titled-Tuesday-Blitz-September-12-2023"]
[Site "Chess.com"]
[Date "2023.09.12"]
[Round "7"]
[White "kacprekt"]
[Black "Nekoo04"]
[Result "1-0"]
[WhiteElo "2506"]
[BlackElo "2286"]
[TimeControl "180+1"]
[EndTime "15:13:08 PDT"]
[Termination "kacprekt won by resignation"]

1. e4 c5 2. c3 d5 3. exd5 Qxd5 4. Nf3 Nf6 5. Na3 Nc6 6. d4 cxd4 7. Nb5 Qd8 8. Nbxd4 Bg4 9. Qa4 Bd7 10. Bb5 Nxd4 11. Nxd4 a6 12. Bxd7+ Qxd7 13. Qxd7+ Nxd7 14. Be3 e5 15. Nb3 O-O-O 16. Ke2 f5 17. Rad1 Be7 18. f4 exf4 19.
Bxf4 Rhe8 20. Kf3 Nf6 21. Rxd8+ Bxd8 22. Nd4 Nd5 23. Bd2 g6 24. Re1 Rxe1 25. Bxe1 Bf6 26.
Ne6 Be7 27. c4 Nf6 28. Bh4 Kd7 29. Bxf6 Kxe6 30. Bxe7 Kxe7 31. b4 g5 32. a4 Kd6 33.
Ke3 Ke5 34. g3 h5 35. b5 h4 36. gxh4 gxh4 37. bxa6 bxa6 38. Kd3 f4 39. a5 h3 40. Kc3 f3 41. Kd3 f2 42. Ke2 Kd4 43. Kxf2 Kxc4 44.
Kg3 Kb4 45. Kxh3 Kxa5 46. Kg4 Kb4 47. h4 a5 48. h5 a4 49. h6 a3 50. h7 Kb3 51.
h8=Q a2 52. Qa1 1-0

[Event "Late-Titled-Tuesday-Blitz-September-12-2023"]
[Site "Chess.com"]
[Date "2023.09.12"]
[Round "7"]
[White "pokochajszachy"]
[Black "chess94cu"]
[Result "0-1"]
[WhiteElo "2394"]
[BlackElo "2688"]
[TimeControl "180+1"]
[EndTime "15:13:10 PDT"]
[Termination "chess94cu won by resignation"]

1. d4 Nf6 2. c4 d6 3. Nc3 Nbd7 4. e4 e5 5. Nf3 Be7 6. Be2 c6 7. O-O O-O 8. h3 Re8 9. Rb1 a5 10. b3 Bf8 11. Bb2 Qc7 12. Qc2 g6 13. a3 Bg7 14.
d5 cxd5 15. cxd5 Nc5 16. Nd2 Bd7 17. Rfc1 Rec8 18. Qd1 Qb6 19. Nc4 Qc7 20. f3 Bh6 21. Nd2 Bxd2 22. Qxd2 Nxb3 23. Qh6 Nxc1 24. Bxc1 Qxc3 25.
Bg5 Ne8 26. Rxb7 Rc7 27. Rb1 f6 28. Bd2 Qd4+ 29. Be3 Qa4 30. h4 Qc2 31. Re1 Ng7 32.
g4 Rc3 33. h5 Be8 34. Kf2 Rb8 35. hxg6 Bxg6 36. Rc1 Qb2 37. Rxc3 Qxc3 38. g5 f5 39. exf5 Nxf5 0-1

[Event "Late-Titled-Tuesday-Blitz-September-12-2023"]
[Site "Chess.com"]
[Date "2023.09.12"]
[Round "7"]
[White "GarayevKanan"]
[Black "Bilan_Danila"]
[Result "1-0"]
[WhiteElo "2723"]
[BlackElo "2560"]
[TimeControl "180+1"]
[EndTime "15:13:11 PDT"]
[Termination "GarayevKanan won on time"]

1. c4 c6 2. d4 d5 3. Nf3 Nf6 4. g3 Bf5 5. cxd5 cxd5 6. Qb3 Qc8 7. Nc3 e6 8. Bf4 Nc6 9. Bg2 Be7 10. O-O O-O 11.
Rac1 Qd7 12. Qa4 Rfc8 13. a3 h6 14. b4 a6 15. Ne5 Nxe5 16. dxe5 Qxa4 17. Nxa4 Nd7 18.
Be3 b5 19. Nb6 Nxb6 20. Bxb6 Kf8 21. e3 Bd3 22. Rfd1 Bc2 23. Rd2 Bf5 24. Rdd1 Bc2 25. Re1 Rc6 26. Bc5 Bxc5 27. Rxc2 Rac8 28. Rec1 1-0

[Event "Late-Titled-Tuesday-Blitz-September-12-2023"]
[Site "Chess.com"]
[Date "2023.09.12"]
[Round "7"]
[White "MagnusCarlsen"]
[Black "Bigfish1995"]
[Result "1-0"]
[WhiteElo "3224"]
[BlackElo "3064"]
[TimeControl "180+1"]
[EndTime "15:13:12 PDT"]
[Termination "MagnusCarlsen won by resignation"]

1. e4 h6 2. d4 c6 3. Nf3 d5 4.
exd5 cxd5 5. Bd3 Nc6 6. c3 Qc7 7. h3 e6 8. O-O Bd6 9. c4 dxc4 10. Bxc4 Nf6 11. Nc3 a6 12. Be3 O-O 13. Rc1 Qd8 14.
d5 Na5 15. Bb3 Nxb3 16. Qxb3 Nxd5 17. Nxd5 exd5 18. Rfd1 Be6 19. Qxb7 a5 20. b3 a4 21. Nd4 axb3 22. axb3 Qf6 23. Qc6 Be5 24. Qb5 Rfb8 25. Qd3 Ra3 26. Rc3 Bd7 27. Rc5 Be6 28. Rdc1 Bd6 29. Rb5 Re8 30. Rb6 Qe5 31. Nf3 Qe4 32. Qb5 Bxh3 33. Rxd6 Raa8 34. Qxd5 Qg4 35. Nh2 Qe2 36.
gxh3 Rxe3 37. Qxa8+ Re8 38. Rd8 1-0

[Event "Late-Titled-Tuesday-Blitz-September-12-2023"]
[Site "Chess.com"]
[Date "2023.09.12"]
[Round "7"]
[White "RaphaeI"]
[Black "Atanejhad"]
[Result "1-0"]
[WhiteElo "2616"]
[BlackElo "2444"]
[TimeControl "180+1"]
[EndTime "15:13:12 PDT"]
[Termination "RaphaeI won by checkmate"]

1. d4 Nf6 2. Bf4 d6 3. Nc3 g6 4. e4 Bg7 5. Qd2 O-O 6. O-O-O c5 7. dxc5 Qa5 8. cxd6 Nxe4 9. Nxe4 Qxa2 10. Qb4 Nc6 11. Qa3 Qe6 12. Bd3 exd6 13. Nf3 d5 14. Nd6 Qg4 15. Bg3 Rd8 16. h3 Qh5 17. Qa4 d4 18.
Nxc8 Raxc8 19. Kb1 Rd5 20. Rhe1 Ra5 21. Qb3 Qc5 22.
Bc4 Kh8 23. Bxf7 Rb5 24. Qe6 Rf8 25. Bd6 Qb6 26. Bxf8 Rxb2+ 27. Kc1 Bxf8 28. Qf6+ Bg7 29. Re8# 1-0

[Event "Late-Titled-Tuesday-Blitz-September-12-2023"]
[Site "Chess.com"]
[Date "2023.09.12"]
[Round "7"]
[White "GiorgianBarbosa"]
[Black "MajorCoast"]
[Result "0-1"]
[WhiteElo "2412"]
[BlackElo "2295"]
[TimeControl "180+1"]
[EndTime "15:13:15 PDT"]
[Termination "MajorCoast won by resignation"]

1. e4 c6 2. d4 d5 3. Nc3 dxe4 4.
Nxe4 Bf5 5. Ng3 Bg6 6. h4 h6 7.
h5 Bh7 8. Nf3 Nd7 9. Bd3 Bxd3 10. Qxd3 e6 11. O-O Ngf6 12. c4 Be7 13. Re1 O-O 14.
Bf4 a5 15. Re2 Ng4 16. Rae1 Ndf6 17. Qc2 Re8 18. Ne5 Bb4 19. Nxg4 Nxg4 20. Rd1 Qh4 21.
a3 Be7 22. Re4 Bg5 23. Qe2 Bxf4 24. Rxf4 Qh2+ 25. Kf1 Nf6 26. Rxf6 gxf6 27. Qg4+ Kh7 28. Ke2 Qxg2 29. Qf4 f5 30. Rd3 Rg8 31. Rf3 Rg4 32.
Qc7 Rag8 33. Qxf7+ R8g7 34. Qxe6 Rxg3 35. Qxf5+ Kh8 36.
Qf8+ Kh7 37. Qf5+ R3g6 38. hxg6+ Qxg6 39. Qg5 Qxg5 0-1

[Event "Late-Titled-Tuesday-Blitz-September-12-2023"]
[Site "Chess.com"]
[Date "2023.09.12"]
[Round "7"]
[White "miraitrunks"]
[Black "Al_Shima"]
[Result "0-1"]
[WhiteElo "2126"]
[BlackElo "2347"]
[TimeControl "180+1"]
[EndTime "15:13:15 PDT"]
[Termination "Al_Shima won by resignation"]

1. e4 d5 2. Nc3 Nf6 3. e5 d4 4. exf6 dxc3 5. bxc3 gxf6 6. Nf3 b6 7. d4 Bb7 8. Bd3 Rg8 9. Kf1 h5 10. Qe2 Qd7 11. h3 Nc6 12. Ba3 O-O-O 13. Ba6 Bh6 14. Rd1 e6 15. Nd2 Bxd2 16. Rxd2 Qd5 17. Bxb7+ Kxb7 18. Qf3 Qxf3 19. gxf3 Na5 20. Be7 Nc4 21. Re2 Rd5 22.
Bxf6 Rf5 23. Be7 Rxf3 24. h4 Rxc3 25. Rg1 Rxg1+ 26. Kxg1 Rf3 27. Kg2 Rf4 28. c3 Kc6 29. Kg3 Rg4+ 30. Kf3 Kd5 31. Bg5 b5 32. Re1 a5 33.
Rb1 c6 34. Rd1 b4 35. cxb4 axb4 36. Rd3 Rxd4 37. Rb3 Rg4 38. Ke2 c5 39. Rd3+ Rd4 40. Rf3 Ne5 41. Re3 Re4 42. f4 Rxe3+ 43. Kxe3 Ng4+ 44.
Kd3 f6 45. Kc2 0-1

[Event "Late-Titled-Tuesday-Blitz-September-12-2023"]
[Site "Chess.com"]
[Date "2023.09.12"]
[Round "7"]
[White "ckgchess"]
[Black "SpeedofLight0"]
[Result "1-0"]
[WhiteElo "2899"]
[BlackElo "3077"]
[TimeControl "180+1"]
[EndTime "15:13:22 PDT"]
[Termination "ckgchess won by checkmate"]

1. e4 c5 2. c3 d5 3. exd5 Qxd5 4. d4 Nc6 5. Nf3 Bf5 6. Be2 cxd4 7. cxd4 Bxb1 8. Rxb1 e6 9. O-O Nf6 10. b4 Bxb4 11.
Ne5 Qxa2 12. Bg5 Nd5 13. Bc4 Qa5 14. Ra1 Qb6 15. Bxd5 exd5 16. Nxc6 Qxc6 17. Rc1 Qd7 18. Qe2+ Kf8 19. Rc2 Bd6 20. Rfc1 f6 21. Qf3 Qe6 22. Bf4 Be7 23. Re2 Qa6 24. Rxe7 Kxe7 25. Rc7+ Kf8 26. Qxd5 Qa1+ 27. Bc1 Qxc1+ 28. Rxc1 Re8 29. g3 h5 30. Rc7 Re1+ 31. Kg2 Re7 32. Qd6 Kg8 33. Qxe7 Rh7 34. Qe8# 1-0

[Event "Late-Titled-Tuesday-Blitz-September-12-2023"]
[Site "Chess.com"]
[Date "2023.09.12"]
[Round "7"]
[White "dretch"]
[Black "artooon"]
[Result "1-0"]
[WhiteElo "2865"]
[BlackElo "3019"]
[TimeControl "180+1"]
[EndTime "15:13:24 PDT"]
[Termination "dretch won by resignation"]

1. d4 d5 2. c4 c6 3. Nc3 Nf6 4. e3 g6 5. Nf3 Bg7 6. Be2 O-O 7.
O-O dxc4 8. Bxc4 Nbd7 9. Ne5 Nxe5 10. dxe5 Ng4 11. f4 Qxd1 12. Rxd1 Nh6 13. e4 Be6 14. Be2 f5 15. Be3 fxe4 16. Nxe4 Ng4 17. Bd2 b6 18. Ng5 Bf5 19. Bc4+ Kh8 20. Nf7+ Kg8 21. Nd6+ Kh8 22. Nxf5 gxf5 23. h3 Nh6 24. Bb4 c5 25. Be1 Rad8 26. Bh4 Rfe8 27. Bb5 Rg8 28. Bxe7 Rc8 29. Rd7 c4 30.
Rc1 Nf7 31. Rxc4 Ra8 32. Rcc7 Nxe5 33. fxe5 Bxe5 34. Bf6+ Rg7 35. Bxe5 1-0

[Event "Late-Titled-Tuesday-Blitz-September-12-2023"]
[Site "Chess.com"]
[Date "2023.09.12"]
[Round "7"]
[White "ameetghasi100"]
[Black "Chessdude1987"]
[Result "1-0"]
[WhiteElo "2697"]
[BlackElo "2445"]
[TimeControl "180+1"]
[EndTime "15:13:24 PDT"]
[Termination "ameetghasi100 won by resignation"]

1. Nf3 e6 2. g3 d5 3. Bg2 Nf6 4. O-O Nbd7 5. b3 Bd6 6. Bb2 e5 7. d3 O-O 8. Nc3 c6 9. e4 Re8 10. Re1 a6 11. Nd2 Nb6 12. a4 a5 13. exd5 cxd5 14. Nb5 Bb8 15. c4 Bf5 16. Nf3 e4 17. Nh4 Bg6 18. Nxg6 hxg6 19. dxe4 dxe4 20. Qxd8 Rxd8 21. Rad1 Nbd7 22. Bxe4 Be5 23. Bxe5 Nxe4 24. Rxe4 Nxe5 25. Rxd8+ Rxd8 26. Rxe5 Rd1+ 27. Kg2 Rb1 28.
Re8+ Kh7 29. Re3 g5 30. Nd6 Kg6 31. Nxb7 f5 32. Nxa5 f4 33. Rd3 Kf5 34. Rd5+ Ke4 35. f3+ Ke3 36. Re5+ Kd3 37. gxf4 gxf4 38. Re4 Rb2+ 39.
Kh3 g5 40. Nc6 Rxb3 41. Ne5+ Kd2 42. c5 Rc3 43. c6 Kc2 44. Kg4 Kb3 45. Kxg5 Rc5 46.
Kxf4 1-0